 Dungeon Crawl Stone Soup version 0.25-a0-504-g768f60da87 (webtiles) character file.

Game seed: 12891374485149392185, levelgen mode: deterministic

13759 Gargoyl the Distorting Centaur (level 11, -2/91 HPs)
             Began as a Centaur Abyssal Knight on Feb 14, 2020.
             Was a Believer of Lugonu.
             Killed from afar by a fire dragon (13 damage)
             ... with a blast of flame
             ... on level 10 of the Dungeon.
             The game lasted 00:22:30 (13458 turns).

Gargoyl the Distorting Centaur (CeAK)              Turns: 13458, Time: 00:22:31

Health: -2/91      AC: 16    Str: 17    XL:     11   Next: 79%
Magic:  15/17      EV: 23    Int: 11    God:    Lugonu [**....]
Gold:   459        SH:  0    Dex: 12    Spells: 10/10 levels left

rFire    + + .     SeeInvis .   E - +3 hand axe (elec)
rCold    . . .     Gourm    .   (no shield)
rNeg     . . .     Faith    .   u - +1 chain mail
rPois    .         Spirit   .   n - +2 helmet
rElec    .         Reflect  .   j - +0 cloak
rCorr    .         Harm     .   z - +0 pair of gloves
MR       .....                  (no barding)
Stlth    ..........             e - amulet of Tuemoige {Acrobat rF++}
HPRegen  0.25/turn              d - ring of stealth
MPRegen  0.15/turn              (no ring)

@: berserk cooldown, acrobat, slowed
A: large, hooves 3, thin skeletal structure 1, deformed body, speed 2, tough
skin 3, wild magic 1, sturdy frame 1
a: Depart the Abyss, Bend Space, Renounce Religion


You were on level 10 of the Dungeon.
You worshipped Lugonu.
Lugonu was pleased with you.
You were very hungry.

You visited 1 branch of the dungeon, and saw 10 of its levels.
You visited the Abyss 2 times.
You also visited: Sewer and Bailey.

You collected 651 gold pieces.
You spent 192 gold pieces at shops.

Inventory:

Hand Weapons
 a - a +6 hand axe of flaming
 E - a +3 hand axe of electrocution (weapon)
 F - a +0 halberd of electrocution
Missiles
 r - 79 boomerangs (quivered)
Armour
 j - a +0 cloak (worn)
 n - a +2 helmet (worn)
 u - a +1 chain mail (worn)
 z - a +0 pair of gloves (worn)
Jewellery
 d - a ring of stealth (left hand)
 e - the amulet of Tuemoige (around neck) {Acrobat rF++}
   (You found it on level 2 of the Abyss)

   [amulet of the acrobat]

   It helps you evade while moving and waiting.
   It greatly protects you from fire.
Wands
 A - a wand of paralysis (10)
Scrolls
 g - a scroll of identify
 l - a scroll of remove curse
 o - 3 scrolls of fear
 p - 7 scrolls of teleportation
 q - a scroll of blinking
 x - 2 scrolls of magic mapping
Potions
 b - 3 potions of might
 f - 6 potions of flight
 h - a potion of haste
 i - 6 potions of magic
 s - 6 potions of curing
 t - a potion of cancellation
 w - 3 potions of mutation
Comestibles
 c - 16 rations


   Skills:
 + Level 6.7 Fighting
 + Level 8.7(8.9) Axes
 + Level 2.1(5.9) Polearms
 + Level 2.8 Throwing
 * Level 7.4 Armour
 * Level 6.0 Dodging
 * Level 8.8 Invocations
 + Level 3.0 Evocations


You had 10 spell levels left.
You didn't know any spells.
Your spell library contained the following spells:

 Spells                   Type           Power        Failure   Level  Hunger
 Infusion                 Chrm           #...         95%         1    ##.....
 Magic Dart               Conj           #...         95%         1    ##.....
 Blink                    Tloc           N/A          98%         2    ###....
 Call Imp                 Summ           #.......     98%         2    ###....
 Shroud of Golubria       Chrm/Tloc      #.....       98%         2    ###....
 Slow                     Hex            #.......     98%         2    ###....
 Song of Slaying          Chrm           #.......     98%         2    ###....
 Conjure Flame            Conj/Fire      #.......     100%        3    ####...
 Mephitic Cloud           Conj/Pois/Air  #.......     100%        3    ####...
 Ozocubu's Armour         Chrm/Ice       #.......     100%        3    ####...
 Spectral Weapon          Hex/Chrm       #.......     100%        3    ####...


Dungeon Overview and Level Annotations

Branches:
Dungeon (10/15)            Temple (0/1) D:7           Sewer (visited)
 Bailey (visited)
   Lair: D:8-11         Orc: D:9-12

Altars:
Ashenzari
Dithmenos
Elyvilon
Fedhas
Nemelex Xobeh
Qazlal
Ru
Uskayaw
Wu Jian

Shops:
D:6 (


Innate Abilities, Weirdness & Mutations

You have hooves in place of feet.
Armour fits poorly on your strangely shaped body.
You cover ground very quickly.
You have extremely tough skin. (AC +3)
You have a somewhat thin skeletal structure. (Dex +2, Stealth)
Your spells are a little harder to cast, but a little more powerful.
Your movements are slightly less encumbered by armour. (ER -2)


Message History

You kick the deep elf archer!
The deep elf archer is severely wounded.
You barely miss the deep elf archer. Your kick misses the deep elf archer.
The deep elf archer is severely wounded.
The deep elf archer hits you with a +0 short sword.
* * * LOW HITPOINT WARNING * * *
You slash the deep elf archer!
The deep elf archer is almost dead.
The deep elf archer hits you but does no damage.
You slash the deep elf archer!
You kill the deep elf archer!
Lugonu accepts your kill.
You see here an arrow.
You feel a strong urge to attack something.
You are no longer berserk.
You are exhausted.
You feel as though you will be slow longer.
The fire dragon breathes flames at you. The blast of flame hits you!
You resist.
You die...

#.......#.##.#○##.°#.°°...#
#.......#.##.#°°○#...#e.#.#
#######.#.##.#########°.#.##
#..............°......
#.......#.....>.......
###.#.....D...........
#.###.......°.......
#########...#.#.........
#.(.<(.@(()............#
#########.)#####.#####.#
####..### ### ### #.......#
####.#### #.# #.# ###


You could see a fire dragon.

Vanquished Creatures
  A yaktaur captain (D:9)
  A deep elf archer (D:10)
  An orc knight (Bailey)
  A deep elf mage (D:10)
  The ghost of walterwhite the Bolt Thrower, a novice KoHu of Okawaru (D:5)
  A hippogriff (D:9)
  A hungry ghost (D:9)
  An orc warrior (D:10)
  Purgy (Sewer)
  A black bear (D:9)
  5 phantoms
  A sky beast (D:7)
  2 necrophages (D:8)
  2 ogres
  3 centaurs
  A big kobold (D:9)
  5 bullfrogs
  A wyvern zombie (D:9)
  8 wights
  4 howler monkeys
  2 crimson imps (D:7)
  4 jellies
  A bullfrog zombie (D:6)
  A centaur zombie (D:8)
  5 hounds
  2 orc priests
  2 bullfrog skeletons
  2 centaur skeletons
  Jessica (D:2)
  7 iguanas
  7 orc wizards
  12 worker ants
  3 hound skeletons
  A worker ant zombie (D:7)
  Robin (D:3)
  14 gnolls
  A howler monkey skeleton (D:6)
  12 adders
  A shadow imp (D:8)
  6 oozes
  An adder skeleton (D:7)
  An adder zombie (D:8)
  4 worms
  8 leopard geckos
  28 orcs
  7 ball pythons
  4 giant cockroaches
  14 goblins
  23 hobgoblins
  5 jackals
  20 kobolds
  2 quokkas
  A ball python skeleton (D:4)
  11 bats
  7 frilled lizards
  A leopard gecko skeleton (D:7)
  2 quokka skeletons
  A quokka zombie (D:5)
  9 rats
276 creatures vanquished.

Vanquished Creatures (collateral kills)
  A gnoll (Bailey)
1 creature vanquished.

Vanquished Creatures (others)
  2 two-headed ogres
  A fire crab (D:9)
  A sky beast (D:7)
  A gnoll (Bailey)
  2 goblins (D:3)
  A hobgoblin (D:3)
  A quokka (D:3)
9 creatures vanquished.

Grand Total: 286 creatures vanquished

Notes
Turn   | Place    | Note
-------+----------+-------------------------------------------
     0 | Abyss:1  | Gargoyl the Centaur Abyssal Knight began the quest for the
                  | Orb.
     0 | Abyss:1  | Reached XP level 1. HP: 19/19 MP: 2/2
    39 | Abyss:2  | Found a corrupted altar of Lugonu.
    65 | Abyss:2  | Got a wavering ruby amulet
    67 | Abyss:2  | Identified the amulet of Tuemoige {Acrobat rF++} (You found
                  | it on level 2 of the Abyss)
   107 | Abyss:2  | Noticed an iron imp
   119 | Abyss:2  | Found a corrupted altar of Lugonu.
   156 | Abyss:2  | Noticed a lich
   157 | Abyss:2  | Noticed a Brimstone Fiend
   158 | D:1      | Escaped the Abyss
   231 | D:1      | Reached * piety under Lugonu
   323 | D:1      | Reached XP level 2. HP: 26/26 MP: 3/3
   477 | D:1      | Reached skill level 1 in Dodging
   801 | D:2      | Found a faded altar of an unknown god.
   801 | D:2      | Noticed Jessica
   810 | D:2      | Killed Jessica
   810 | D:2      | Reached XP level 3. HP: 22/31 MP: 4/4
  1184 | D:2      | Reached XP level 4. HP: 40/40 MP: 5/5
  1256 | D:2      | Reached ** piety under Lugonu
  1349 | D:2      | Found an ornate altar of the Wu Jian Council.
  1716 | D:3      | Found a glowing drain.
  1836 | Sewer    | Entered a sewer
  1858 | Sewer    | Noticed Purgy
  1884 | Sewer    | Killed Purgy
  1884 | Sewer    | Reached XP level 5. HP: 24/46 MP: 7/7
  2250 | D:3      | Found a stormy altar of Qazlal.
  2358 | D:3      | Noticed Robin
  2373 | D:3      | Killed Robin
  2373 | D:3      | Reached XP level 6. HP: 28/52 MP: 8/8
  2378 | D:3      | Found a white marble altar of Elyvilon.
  2380 | D:3      | Reached *** piety under Lugonu
  3337 | D:4      | Found a shadowy altar of Dithmenos.
  3656 | D:4      | Got a bound turquoise ring
  3715 | D:4      | Reached XP level 7. HP: 48/59 MP: 9/9
  3882 | D:4      | Found a sacrificial altar of Ru.
  4484 | D:4      | Identified the ring "Gamustrekao" {rC+ rN+ MR+ Str-5 SInv}
                  | (You found it on level 4 of the Dungeon)
  4855 | D:5      | Entered Level 5 of the Dungeon
  5251 | D:5      | You fall into a shaft and drop 2 floors!
  5308 | D:7      | Found a sparkling altar of Nemelex Xobeh.
  5346 | D:6      | Found Leor's Antique Weapon Emporium.
  5379 | D:6      | Bought a glowing hand axe for 192 gold pieces
  5400 | D:6      | Reached XP level 8. HP: 64/67 MP: 10/10
  5643 | D:5      | Found a shattered altar of Ashenzari.
  5658 | D:5      | Found a runed translucent gate.
  5659 | D:5      | Found a runed translucent gate.
  5667 | D:5      | Found a runed translucent gate.
  5765 | D:5      | Noticed walterwhite's ghost (novice KoHu)
  5783 | D:5      | Killed walterwhite's ghost
  5783 | D:5      | Reached skill level 5 in Axes
  5783 | D:5      | Reached skill level 1 in Evocations
  5955 | D:5      | Reached **** piety under Lugonu
  6335 | D:6      | Got a polished ring mail
  6346 | D:6      | Identified the cursed +0 ring mail of Charity {rN+ Dex+6}
                  | (You found it on level 6 of the Dungeon)
  6796 | D:7      | Found a hide-covered altar of Uskayaw.
  6851 | D:7      | Reached skill level 5 in Fighting
  6851 | D:7      | Reached skill level 5 in Armour
  7107 | D:7      | Reached XP level 9. HP: 72/74 MP: 12/12
  7361 | D:7      | Reached skill level 5 in Invocations
  7609 | D:7      | Found a blossoming altar of Fedhas.
  7820 | D:7      | Found a staircase to the Ecumenical Temple.
  8215 | D:8      | Found a flagged portal.
  8224 | Bailey   | Entered a bailey
  8701 | Bailey   | Noticed an orc knight
  8733 | Bailey   | Reached ***** piety under Lugonu
  8780 | Bailey   | Killed an orc knight
  9459 | D:8      | Gained mutation: Your muscles are strong. (Str +2) [potion
                  | of mutation]
  9459 | D:8      | Gained mutation: You evolve. [potion of mutation]
  9460 | D:8      | Lost mutation: You evolve. [potion of mutation]
  9460 | D:8      | Lost mutation: Your muscles are strong. (Str +2) [potion of
                  | mutation]
  9460 | D:8      | Gained mutation: Your skin changes colour to match your
                  | surroundings (Stealth+). [potion of mutation]
  9460 | D:8      | Gained mutation: You are partially covered in thin metallic
                  | scales. (AC +2) [potion of mutation]
  9460 | D:8      | Gained mutation: You have a somewhat thin skeletal
                  | structure. (Dex +2, Stealth) [potion of mutation]
  9461 | D:8      | Lost mutation: You are partially covered in thin metallic
                  | scales. (AC +2) [potion of mutation]
  9461 | D:8      | Lost mutation: You have a somewhat thin skeletal structure.
                  | (Dex +2, Stealth) [potion of mutation]
  9461 | D:8      | Gained mutation: You are partially covered in slimy green
                  | scales. (AC +2) [potion of mutation]
  9461 | D:8      | Gained mutation: You do not regenerate when monsters are
                  | visible. [potion of mutation]
  9461 | D:8      | Gained mutation: You have a pair of small horns on your
                  | head. [potion of mutation]
  9462 | D:8      | Lost mutation: You are partially covered in slimy green
                  | scales. (AC +2) [potion of mutation]
  9462 | D:8      | Lost mutation: You do not regenerate when monsters are
                  | visible. [potion of mutation]
  9462 | D:8      | Gained mutation: Your flesh is cold resistant. (rC+)
                  | [potion of mutation]
  9462 | D:8      | Lost mutation: You have a pair of small horns on your head.
                  | [potion of mutation]
  9462 | D:8      | Gained mutation: Your system is resistant to poisons.
                  | (rPois) [potion of mutation]
  9463 | D:8      | Lost mutation: Your flesh is cold resistant. (rC+) [potion
                  | of mutation]
  9463 | D:8      | Lost mutation: Your system is resistant to poisons. (rPois)
                  | [potion of mutation]
  9463 | D:8      | Gained mutation: You are partially covered in slimy green
                  | scales. (AC +2) [potion of mutation]
  9463 | D:8      | Gained mutation: Your magical capacity is low. (-10% MP)
                  | [potion of mutation]
  9463 | D:8      | Gained mutation: Your flesh is heat resistant. (rF+)
                  | [potion of mutation]
  9464 | D:8      | Lost mutation: Your magical capacity is low. (-10% MP)
                  | [potion of mutation]
  9464 | D:8      | Lost mutation: Your skin changes colour to match your
                  | surroundings (Stealth+). [potion of mutation]
  9464 | D:8      | Lost mutation: Your flesh is heat resistant. (rF+) [potion
                  | of mutation]
  9464 | D:8      | Lost mutation: You are partially covered in slimy green
                  | scales. (AC +2) [potion of mutation]
  9464 | D:8      | Gained mutation: You are clumsy. (Dex -2) [potion of
                  | mutation]
  9464 | D:8      | Gained mutation: You have a pair of small antennae on your
                  | head. [potion of mutation]
  9465 | D:8      | Lost mutation: You are clumsy. (Dex -2) [potion of
                  | mutation]
  9465 | D:8      | Lost mutation: You have a pair of small antennae on your
                  | head. [potion of mutation]
  9465 | D:8      | Gained mutation: You have a somewhat thin skeletal
                  | structure. (Dex +2, Stealth) [potion of mutation]
  9465 | D:8      | Gained mutation: Your movements are slightly less
                  | encumbered by armour. (ER -2) [potion of mutation]
  9465 | D:8      | Gained mutation: Your spells are a little harder to cast,
                  | but a little more powerful. [potion of mutation]
  9986 | D:8      | Noticed a two-headed ogre
  9990 | D:8      | Banished a two-headed ogre
 10408 | D:8      | Reached XP level 10. HP: 80/80 MP: 14/14
 11596 | D:10     | Entered Level 10 of the Dungeon
 11689 | D:10     | Noticed a two-headed ogre
 11702 | D:10     | Banished a two-headed ogre
 12040 | D:10     | Reached skill level 5 in Dodging
 12363 | D:10     | Found a runed translucent door.
 12363 | D:10     | Noticed an ettin
 12363 | D:10     | Noticed a shock serpent
 12363 | D:10     | Noticed a yaktaur captain
 12364 | D:10     | Noticed a glowing shapeshifter
 12364 | D:10     | a shock serpent changed into a glowing shapeshifter
 12365 | D:10     | Noticed a fire crab
 12365 | D:10     | Noticed a deep elf archer
 12365 | D:10     | Noticed a fire dragon
 12365 | D:10     | Noticed a deep elf mage
 12365 | D:10     | Noticed a deep elf archer
 12365 | D:10     | a glowing shapeshifter changed into a floating eye
 12372 | D:10     | Noticed a mana viper
 12372 | D:10     | a swamp worm changed into a mana viper
 12374 | D:10     | Noticed a fire crab
 12374 | D:10     | a mana viper changed into a fire crab
 12375 | D:10     | a fire crab changed into a troll
 12464 | D:10     | Escaped the Abyss
 12996 | D:9      | Reached XP level 11. HP: 91/91 MP: 15/17
 13023 | D:9      | Killed a yaktaur captain
 13256 | D:9      | Banished a fire crab
 13443 | D:10     | HP: 1/91 [deep elf mage/bolt of lightning (26)]
 13451 | D:10     | Killed a deep elf mage
 13456 | D:10     | Killed a deep elf archer
 13458 | D:10     | Killed from afar by a fire dragon

Levels and vault maps discovered:
D:1:      dpeg_arrival_fog, layout_rooms
D:2:      layout_rooms, marbit_many_paths, serial_corexii_hall,
          corexii_hall_statues_u, chequers_hall_statues_wall_a,
          corexii_hall_statues_deadend, chequers_hall_statues_y, first_ration,
          chequers_ecumenical_altar_simple, uniq_jessica
D:3:      layout_loops_ring, elyvilon_altar_4, nicolae_qazlal_general_emergency,
          gup_sewer_entry_spiral, uniq_robin
D:4:      layout_basic, nicolae_dithmenos_the_darkroom, kennysheep_mini_moat
D:5:      layout_rooms, ebering_ghost_rock_garden, ashenzari_altar_1
D:6:      layout_loops_cross, serial_shops, shop
D:7:      layout_cave_pools, old_standard_altar, lemuel_doored_altar,
          nicolae_overflow_crystal_walls, minmay_temple_entry_overgrown,
          kennysheep_generic_room_2
D:8:      layout_layer_cave, enter_bailey_8, hangedman_little_slice_of_home
D:9:      layout_roguey
D:10:     minmay_gate_of_8, layout_basic

Skill      XL: |  1  2  3  4  5  6  7  8  9 10 11 |
---------------+----------------------------------+-----
Dodging        | 1 2 3 4 5 6 |  6.0
Axes           | 2 3 4 5 7 8 |  8.7
Armour         | 2 3 4 5 6 7 |  7.4
Invocations    | 3 4 6 8 |  8.8
Fighting       | 4 5 6 |  6.7
Evocations     | 1 3 |  3.0
Polearms       | 2 |  2.1
Throwing       | 2 |  2.8

Action                   |  1- 3 |  4- 6 |  7- 9 | 10-12 || total
-------------------------+-------+-------+-------+-------++-------
Melee: Hand axe          |    92 |   162 |   503 |   219 ||   976
       Kick              |     9 |    36 |   113 |    71 ||   229
Throw: Stone             |       |     3 |       |       ||     3
       Boomerang         |       |       |     3 |       ||     3
Invok: Depart the Abyss  |     1 |       |       |     1 ||     2
       Banish            |       |       |     3 |     3 ||     6
       Enter the Abyss   |       |       |       |     1 ||     1
Evoke: Wand              |       |     2 |    23 |     1 ||    26
  Use: Scroll            |     1 |    12 |    14 |     5 ||    32
       Potion            |       |     4 |     9 |     7 ||    20
 Stab: Distracted        |       |       |     1 |       ||     1
       Sleeping          |       |       |       |     2 ||     2
  Eat: Chunk             |       |     7 |    16 |    11 ||    34
       Ration            |       |       |     1 |     1 ||     2
Armor: Leather armour    |    39 |    43 |       |       ||    82
       Ring mail         |       |    14 |   151 |    32 ||   197
       Chain mail        |       |       |   101 |    39 ||   140
Dodge: Dodged            |    77 |   132 |   260 |    93 ||   562

Table legend:
 A = Non-vault XP
 B = Vault XP
 C = Vault XP percentage of total XP
 D = Non-vault monster count
 E = Vault monster count
 F = Vault count percentage of total count
                 A         B        C        D         E       F
            +---------+---------+-------+---------+---------+-------
      Total |    6791 |    4569 |  40.2 |     207 |      75 |  26.6
            +---------+---------+-------+---------+---------+-------
        D:1 |      33 |       0 |   0.0 |      19 |       0 |   0.0
        D:2 |      54 |      39 |  41.9 |      29 |       2 |   6.5
        D:3 |      99 |      60 |  37.7 |      19 |      16 |  45.7
        D:4 |     718 |       0 |   0.0 |      24 |       0 |   0.0
        D:5 |     227 |     344 |  60.2 |      13 |       1 |   7.1
        D:6 |     581 |       0 |   0.0 |      16 |       0 |   0.0
        D:7 |     842 |      33 |   3.8 |      23 |       1 |   4.2
        D:8 |    1476 |     166 |  10.1 |      15 |       8 |  34.8
        D:9 |    1545 |    1660 |  51.8 |      35 |       2 |   5.4
       D:10 |    1216 |    1312 |  51.9 |      14 |       2 |  12.5
      Sewer |       0 |     143 | 100.0 |       0 |       9 | 100.0
     Bailey |       0 |     812 | 100.0 |       0 |      34 | 100.0
            +---------+---------+-------+---------+---------+-------
